 Dungeon Crawl Stone Soup version 0.31.0 (webtiles) character file.

Game seed: 15835541141529130861

380 qw the Shooter (level 6, -11/40 HPs)
             Began as a Gargoyle Hunter on Jan 19, 2024.
             Mangled by an ogre
             ... wielding a +0 giant club
              (16 damage)
             ... on level 4 of the Dungeon.
             The game lasted 00:00:12 (2572 turns).

qw the Shooter (Gargoyle Hunter)                    Turns: 2572, Time: 00:00:12

Health: -11/40     AC: 10    Str: 13 (14) XL:     6   Next: 75%
Magic:  6/6        EV: 11    Int: 10      God:
Gold:   129        SH:  0    Dex: 15      Spells: 5/5 levels left

rFire   . . .        d - +1 arbalest (freeze)
rCold   . . .        (shield currently unavailable)
rNeg    + + .        c - +1 leather armour
rPois   inf          (no helmet)
rElec   +            k - +0 cloak
rCorr   .            (no gloves)
SInv    .            i - +0 pair of boots
Will    +....        e - amulet of regeneration
Stlth   ++           g - ring of positive energy
HPRegen 1.06/turn    j - ring of willpower
MPRegen 0.10/turn

%: no passive effects
@: about to teleport
A: sickness immunity, AC +4, negative energy resistance 1, electricity
resistance, torment resistance 1, petrification resistance
a: no special abilities


You were on level 4 of the Dungeon.
You visited 1 branch of the dungeon, and saw 4 of its levels.

You collected 129 gold pieces.


Innate Abilities, Weirdness & Mutations

You are immune to sickness and miasma.
Your stone body is resilient. (AC +4)
You are immune to poison.
You resist negative energy. (rN+)
You are resistant to electric shocks. (rElec)
You are resistant to unholy torment.
You are immune to petrification.


   Skills:
 - Level 5.3 Fighting
 + Level 6.2 Ranged Weapons
 - Level 1.2 Armour
 - Level 1.5 Dodging
 - Level 1.1 Stealth


You had 5 spell levels left.
You didn't know any spells.
Your spell library was empty.

Inventory:

Hand Weapons
 d - a +1 arbalest of freezing (weapon)
Armour
 c - a +1 leather armour (worn)
 i - a +0 pair of boots (worn)
 k - a +0 cloak (worn)
 l - a +0 helmet
Jewellery
 e - an amulet of regeneration (around neck)
 g - a ring of positive energy (left hand)
 j - a ring of willpower (right hand)
Scrolls
 f - a scroll of teleportation
 m - a scroll of identify
Potions
 a - a potion of resistance {unknown}
 b - a potion of enlightenment
 h - a potion of mutation

Dungeon Overview and Level Annotations

Branches:
Dungeon (4/15)
 Temple: D:4-7

Altars:
Vehumet
Yredelemnul


Message History

An orc comes into view. It is wielding a +0 short sword.
A goblin comes into view. It is wielding a +0 sling.
An orc comes into view. It is wielding a +0 whip.
An ogre comes into view. It is wielding a +0 giant club.
The goblin shouts!
You shoot a bolt. The bolt closely misses the orc priest.
The ogre shouts!
You hear a shout!
The goblin shoots a sling bullet.
The sling bullet hits you.
You shoot a bolt. The bolt hits the orc priest.
The bolt freezes the orc priest.
The orc priest is moderately wounded.
The goblin shoots a sling bullet.
The sling bullet hits you but does no damage.
A goblin comes into view. It is wielding a +0 sling.
The goblin shoots a sling bullet.
The sling bullet hits you but does no damage.
You shoot a bolt. The bolt barely misses the ogre.
The goblin shoots a sling bullet.
The sling bullet misses you.
You shoot a bolt. The bolt closely misses the orc.
The bolt hits the ogre!
The bolt freezes the ogre.
The ogre is heavily wounded.
The goblin shoots a sling bullet.
The sling bullet hits you but does no damage.
The goblin shoots a sling bullet.
The sling bullet misses you.
You shoot a bolt. The bolt hits the orc!
The bolt freezes the orc.
You kill the orc!
The goblin shoots a sling bullet.
The sling bullet closely misses you.
The ogre hits you with a +0 giant club!!
Ouch! That really hurt!
You shoot a bolt. The bolt hits the ogre.
The bolt freezes the ogre.
The ogre is heavily wounded.
A goblin comes into view. It is wielding a +0 sling.
The orc closely misses you. The ogre hits you with a +0 giant club!
The orc priest mumbles some strange prayers to Beogh against you.
Beogh smites you! The orc closely misses you.
2572 ||| READING 2 scrolls of teleportation.
As you read the scroll of teleportation, it crumbles to dust.
You feel strangely unstable. The orc completely misses you.
The ogre hits you with a +0 giant club!
You die...

~.~... ~~. .
.... ... . ....
.... #. #..#
.$...
.##'###..##.....
..'......ggg....
#......o......
#.....@Oo.....
#+###'###.##..
###.###)##
#........#
#........#
#####....
##..##..##
#........
##..##..###+##
#........
#............+
#........
+............#
#........


You could see an ogre, an orc priest, an orc and 3 goblins.

Vanquished Creatures
  Grinder (D:4)
  Robin (D:4)
  An adder (D:4)
  7 gnolls (D:4)
  3 dart slugs (D:3)
  A ribbon worm (D:2)
  4 orcs
  7 ball pythons
  7 bats
  3 endoplasms
  A giant cockroach (D:3)
  15 goblins
  8 hobgoblins
  6 jackals (D:3)
  4 quokkas
  4 frilled lizards (D:1)
  4 kobolds
  3 rats
80 creatures vanquished.

Notes
Turn   | Place    | Note
-------+----------+-------------------------------------------
     0 | D:1      | qw the Gargoyle Hunter began the quest for the Orb.
     0 | D:1      | Reached XP level 1. HP: 12/12 MP: 1/1
     0 | D:1      | 0 ||| qw: Version: 0.3-a-132-g3d54051
     0 | D:1      | 0 ||| qw: Game counter: 34
     0 | D:1      | 0 ||| qw: Melee chars always use a shield: true
     0 | D:1      | 0 ||| qw: God list: Okawaru
     0 | D:1      | 0 ||| qw: Allow faded altars: false
     0 | D:1      | 0 ||| qw: Do Orc after clearing Dungeon:15 true
     0 | D:1      | 0 ||| qw: Do second Lair branch before Depths: true
     0 | D:1      | 0 ||| qw: Lair rune preference: random
     0 | D:1      | 0 ||| qw: Goals: Normal
     0 | D:1      | 0 ||| PLANNING D:1-11
   111 | D:1      | Reached XP level 2. HP: 17/17 MP: 2/2
   766 | D:1      | 766 ||| UPGRADING to ring of positive energy.
   767 | D:1      | 767 ||| UPGRADING to ring of willpower.
   768 | D:1      | 768 ||| READING scroll labelled UPLUIL UGUAQYE.
   768 | D:1      | Identified a scroll of acquirement
   768 | D:1      | 768 ||| ACQUIRING +1 arbalest of freezing
   768 | D:1      | Acquired a +1 arbalest of freezing
   770 | D:1      | 770 ||| SWAPPING to +1 arbalest of freezing.
   771 | D:1      | 771 ||| DROPPING +0 shortbow.
   772 | D:1      | 772 ||| READING scroll labelled DIFIUBETTE.
   773 | D:1      | 773 ||| READING 3 scrolls labelled XIEGAH QIADGH.
   776 | D:1      | 776 ||| READING scroll labelled MIRIAPA YLOGE.
   777 | D:1      | 777 ||| READING scroll labelled XAEJISOCULOI.
   778 | D:1      | 778 ||| DROPPING scroll of butterflies.
   851 | D:2      | Reached XP level 3. HP: 21/21 MP: 3/3
   891 | D:2      | Found a faded altar of an unknown god.
   963 | D:2      | Reached skill level 5 in Ranged Weapons
  1292 | D:2      | 1292 ||| READING scroll labelled FOX YVUEWU.
  1293 | D:2      | 1293 ||| READING 2 scrolls labelled FUQ URESMENT.
  1293 | D:2      | 1293 ||| IDENTIFYING clear potion
  1294 | D:2      | 1294 ||| READING scroll of identify.
  1294 | D:2      | 1294 ||| IDENTIFYING fuming red potion
  1295 | D:2      | 1295 ||| DRINKING 2 lumpy amethyst potions.
  1296 | D:2      | 1296 ||| DROPPING potion of degeneration.
  1297 | D:2      | 1297 ||| DROPPING potion of berserk rage.
  1487 | D:3      | 1487 ||| FLEEEEING.
  1491 | D:3      | 1491 ||| STAIRDANCE
  1661 | D:3      | Reached skill level 3 in Fighting
  1787 | D:3      | Reached XP level 4. HP: 28/28 MP: 4/4
  1921 | D:3      | Found a radiant altar of Vehumet.
  1927 | D:3      | 1927 ||| UPGRADING to amulet of regeneration.
  1932 | D:3      | 1932 ||| READING scroll labelled TIASKE QATHUR.
  1934 | D:3      | 1934 ||| READING scroll labelled LOYRPH CADITS.
  1934 | D:3      | 1934 ||| ENCHANTING +0 leather armour.
  1939 | D:3      | Found a basalt altar of Yredelemnul.
  2141 | D:3      | 2141 ||| FLEEEEING.
  2153 | D:3      | 2153 ||| STAIRDANCE
  2278 | D:3      | 2278 ||| UPGRADING to +0 pair of boots.
  2283 | D:3      | 2283 ||| UPGRADING to +0 cloak.
  2288 | D:3      | 2288 ||| DRINKING 2 green potions.
  2318 | D:4      | Noticed Robin
  2328 | D:4      | Killed Robin
  2329 | D:4      | Reached skill level 1 in Armour
  2329 | D:4      | HP: 7/28 [hobgoblin[Robin] (1)]
  2330 | D:4      | 2330 ||| READING 4 scrolls of teleportation.
  2331 | D:4      | HP: 3/28 [hobgoblin[Robin] (2)]
  2333 | D:4      | 2333 ||| READING 3 scrolls of teleportation.
  2336 | D:4      | 2336 ||| FLEEEEING.
  2343 | D:4      | Reached XP level 5. HP: 11/32 MP: 5/5
  2389 | D:4      | Reached skill level 6 in Ranged Weapons
  2485 | D:4      | Noticed Grinder
  2488 | D:4      | Paralysed by Grinder for 5 turns
  2495 | D:4      | Killed Grinder
  2496 | D:4      | Reached XP level 6. HP: 40/40 MP: 6/6
  2571 | D:4      | HP: 4/40 [orc priest/divine providence (10)]
  2572 | D:4      | 2572 ||| READING 2 scrolls of teleportation.
  2572 | D:4      | Mangled by an ogre

Levels and vault maps discovered:
D:1:      ebering_trefoil_3fold, layout_loops_corners
D:2:      minmay_general_purpose_star, layout_rooms,
          dreamdust_ecumenical_altar_statues
D:3:      kb_forest_paths, layout_basic, mainiacjoe_overflow_large_starburst
D:4:      minmay_goblin_kobold_castle, layout_gridville, uniq_robin,
          uniq_grinder, uniq_menkaure

Skill      XL: |  1  2  3  4  5 |
---------------+----------------+-----
Ranged Weapons | 5 6 |  6.2
Fighting       | 3 5 |  5.3
Armour         | 1 |  1.2
Dodging        | |  1.5
Stealth        | |  1.1

Action                     |  1- 3 |  4- 6 || total
---------------------------+-------+-------++-------
   Fire: Shortbow          |    29 |       ||    29
         Arbalest          |    35 |    81 ||   116
    Use: Scroll            |     8 |     5 ||    13
         Potion            |     1 |     1 ||     2
 Armour: Leather armour    |     8 |    74 ||    82
  Dodge: Dodged            |     8 |    60 ||    68

Table legend:
 A = Non-vault XP
 B = Vault XP
 C = Vault XP percentage of total XP
 D = Non-vault monster count
 E = Vault monster count
 F = Vault count percentage of total count
                 A         B        C        D         E       F
            +---------+---------+-------+---------+---------+-------
      Total |     167 |     377 |  69.3 |      54 |      26 |  32.5
            +---------+---------+-------+---------+---------+-------
        D:1 |      31 |       0 |   0.0 |      20 |       0 |   0.0
        D:2 |      12 |       6 |  33.3 |       6 |       3 |  33.3
        D:3 |      48 |      12 |  20.0 |      21 |       6 |  22.2
        D:4 |      76 |     359 |  82.5 |       7 |      17 |  70.8
            +---------+---------+-------+---------+---------+-------
